 Dungeon Crawl Stone Soup version 0.26-a0-638-gcca6ad1b57 (webtiles) character file.

Game seed: 14643774716490618780

19 DogServant the Shield-Bearer (level 2, 0/24 HPs)
             Began as a Formicid Fighter on Sept 14, 2020.
             Slain by a goblin (2 damage)
             ... on level 1 of the Dungeon.
             The game lasted 00:00:46 (413 turns).

DogServant the Shield-Bearer (Formicid Fighter)      Turns: 413, Time: 00:00:47

Health: 0/24       AC:  6    Str: 20    XL:     2   Next: 95%
Magic:  2/2        EV:  7    Int:  7    God:
Gold:   7          SH:  9    Dex: 10    Spells: 1/1 levels left

rFire    . . .     SeeInvis +   a - +0 flail
rCold    . . .     Faith    .   c - +0 kite shield
rNeg     . . .     Spirit   .   b - +0 scale mail
rPois    .         Reflect  .   (helmet unavailable)
rElec    .         Harm     .   (no cloak)
rCorr    .         Rampage  .   (no gloves)
MR       .....                  (no boots)
Stlth    ..........             (no amulet)
HPRegen  0.08/turn              (no ring)
MPRegen  0.08/turn              (no ring)

@: mighty
A: permanent stasis, dig shafts and tunnels, four strong arms, antennae 3
a: Dig, Shaft Self


You were on level 1 of the Dungeon.
You visited 1 branch of the dungeon, and saw 1 of its levels.

You collected 7 gold pieces.

Inventory:

Hand Weapons
 a - a +0 flail (weapon)
Armour
 b - a +0 scale mail (worn)
 c - a +0 kite shield (worn)
Scrolls
 e - a scroll of remove curse {unknown}
 f - a scroll of teleportation {unknown}


   Skills:
 + Level 3.5 Fighting
 * Level 2.3 Maces & Flails
 + Level 3.6 Armour
 + Level 3.9 Shields


You had one spell level left.
You didn't know any spells.
Your spell library was empty.

Dungeon Overview and Level Annotations

Branches:
Dungeon (1/15)

Altars:


Innate Abilities, Weirdness & Mutations

You cannot be hasted, slowed, berserked, paralysed or teleported.
You can dig through walls and to a lower floor.
Your four strong arms can wield two-handed weapons with a shield.
You have a pair of large antennae on your head. (SInv)


Message History

You hit the hobgoblin but do no damage. You block the hobgoblin's attack.
You block the goblin's attack.
The hobgoblin hits you but does no damage. x2
You block the goblin's attack.
You hit the hobgoblin.
The hobgoblin is severely wounded.
You block the hobgoblin's attack. The hobgoblin hits you.
You block the goblin's attack. The hobgoblin completely misses you.
You closely miss the hobgoblin.
The hobgoblin is severely wounded.
The hobgoblin hits you.
* * * LOW HITPOINT WARNING * * *
You block the goblin's attack. The hobgoblin hits you with a +0 club.
* * * LOW HITPOINT WARNING * * *
The goblin closely misses you. The hobgoblin hits you.
* * * LOW HITPOINT WARNING * * *
You feel very mighty all of a sudden.
The hobgoblin hits you but does no damage.
The goblin hits you.
You die...

#.....# #.........
#.....# #.........
####### #.......##
#.......##
#.>.......
##############....÷.
#............#......
#..gg........#.....÷
#..@gg.......)......
#####...............
#....#..........
#....#......##..
######....####..
###### ###


You could see 2 hobgoblins and 2 goblins.

Vanquished Creatures
  2 dart slugs (D:1)
  A hobgoblin (D:1)
  2 jackals (D:1)
  2 kobolds (D:1)
  5 bats (D:1)
  2 frilled lizards (D:1)
  2 rats (D:1)
16 creatures vanquished.

Vanquished Creatures (others)
  A rat (D:1)
1 creature vanquished.

Grand Total: 17 creatures vanquished

Notes
Turn   | Place    | Note
-------+----------+-------------------------------------------
     0 | D:1      | DogServant the Formicid Fighter began the quest for the
                  | Orb.
     0 | D:1      | Reached XP level 1. HP: 18/18 MP: 1/1
    68 | D:1      | Reached XP level 2. HP: 17/24 MP: 2/2
   413 | D:1      | Slain by a goblin

Illustrated notes

Levels and vault maps discovered:
D:1:      lightli_iron_boxes, layout_basic

Action                   || total
-------------------------++-------
Melee: Flail             ||    44
  Use: Potion            ||     1
Armor: Scale mail        ||    48
Dodge: Dodged            ||    38
Block: Kite shield       ||    52

Table legend: (Time is in decaauts)
 A = Elapsed time spent in this place.
 B = Non-inter-level travel time spent in this place.
 C = Inter-level travel time spent in this place.
 D = Time resting spent in this place.
 E = Time spent auto-exploring this place.
 F = Levels seen in this place.
 G = Mean time per level.
                   A        B        C        D        E       F      G
               +--------+--------+--------+--------+--------+-----+--------+
         Total |    429 |    429 |      0 |      0 |    296 |   1 |  429.0 |
       Dungeon |    429 |    429 |      0 |      0 |    296 |   1 |  429.0 |
               +--------+--------+--------+--------+--------+-----+--------+

Top non-repeatable levels by time:
     D:1: 429 daAuts
